 Dungeon Crawl Stone Soup version 0.28.0-53-g5a82cb258f (webtiles) character file.

Game seed: 15774274158342035716

72886 adizb the Severer (level 15, 0/144 HPs)
             Began as a Deep Dwarf Berserker on July 17, 2022.
             Was a High Priest of Trog.
             Slain by an orc knight
             ... wielding a +0 great mace
              (19 damage)
             ... on level 2 of the Orcish Mines.
             The game lasted 01:27:35 (13238 turns).

adizb the Severer (Deep Dwarf Berserker)           Turns: 13238, Time: 01:27:39

Health: 0/144      AC: 30    Str: 26    XL:     15   Next: 2%
Magic:  3/3        EV:  9    Int: 10    God:    Trog [*****.]
Gold:   1559       SH:  0    Dex: 14    Spells: 14/14 levels left

rFire   + . .      SeeInvis +   W - +7 executioner's axe "Turrasuryle" {vorpal, rElec rF+ Will-}
rCold   + . .      Faith    +   (shield currently unavailable)
rNeg    + . .      Spirit   .   F - +4 plate armour
rPois   .          Reflect  .   Y - +2 hat {SInv}
rElec   +          Harm     .   v - scarf {repulsion}
rCorr   .          Rampage  .   r - +0 pair of gloves
Will    +++..                   o - +0 pair of boots
Stlth   ..........              l - amulet of faith
HPRegen 1.00/turn               Z - +4 ring of protection
MPRegen 0.08/turn               J - ring of protection from cold

@: strong-willed, regenerating, repel missiles
A: damage resistance, heal wounds, negative energy resistance 1, sense
surroundings 2, no regeneration, horns 1, agile 1, clever 1, weak 1, MP-powered
wands
a: Heal Wounds, Renounce Religion, Berserk, Trog's Hand, Brothers in Arms


You were on level 2 of the Orcish Mines.
You worshipped Trog.
Trog was extremely pleased with you.
You visited 3 branches of the dungeon, and saw 21 of its levels.
You also visited: Bailey.

You collected 2249 gold pieces.
You spent 690 gold pieces at shops.

Inventory:

Hand Weapons
 b - the +5 flail "Ekhla" {venom, Fly Int+4}
   (You found it on level 6 of the Lair of Beasts)

   It poisons the flesh of those it strikes.
   Int:       It affects your intelligence (+4).
   Fly:       It grants you flight.
 p - a +3 battleaxe
 u - a +4 antimagic war axe
 N - a +3 battleaxe of venom
 W - the +7 executioner's axe "Turrasuryle" (weapon) {vorpal, rElec rF+ Will-}
   (Trog gifted it to you on level 3 of the Lair of Beasts)

   It inflicts extra damage upon your enemies.
   rF:        It protects you from fire.
   rElec:     It insulates you from electricity.
   Will:      It decreases your willpower.
Missiles
 A - a throwing net
Armour
 n - a +0 hat of willpower
 o - a +0 pair of boots (worn)
 r - a +0 pair of gloves (worn)
 s - +0 ice dragon scales
 v - a scarf of repulsion (worn)
 F - a +4 plate armour (worn)
 S - a +1 chain mail of poison resistance
 T - the +1 ring mail of Tenacity {Will+ Dex+4}
   (You found it on level 3 of the Lair of Beasts)

   Dex:       It affects your dexterity (+4).
   Will:      It increases your willpower.
 Y - a +2 hat of see invisible (worn)
Jewellery
 f - a +4 ring of evasion
 h - a ring of resist corrosion
 l - an amulet of faith (around neck)
 y - an amulet of reflection
 H - a ring of positive energy
 J - a ring of protection from cold (right hand)
 Z - a +4 ring of protection (left hand)
Wands
 t - a wand of paralysis (8)
 w - a wand of mindburst (12)
 B - a wand of iceblast (10) (quivered)
 I - a wand of charming (14)
 L - a wand of polymorph (6)
 M - a wand of flame (36)
 P - a wand of digging (7)
Scrolls
 j - 5 scrolls of fear
 q - 2 scrolls of enchant armour
 x - 11 scrolls of teleportation
 C - a scroll of blinking
 D - 4 scrolls of fog
 Q - a scroll of silence {unknown}
 U - 2 scrolls of summoning {unknown}
 V - a scroll of holy word {unknown}
 X - a scroll of acquirement {unknown}
Potions
 a - 3 potions of degeneration {unknown}
 c - 3 potions of curing
 d - 4 potions of heal wounds
 e - 2 potions of lignification {unknown}
 g - 6 potions of might
 i - 4 potions of invisibility
 k - 3 potions of resistance {unknown}
 m - 2 potions of magic
 z - 2 potions of cancellation {unknown}
 E - a potion of flight {unknown}
 G - 3 potions of haste {unknown}
 O - 3 potions of berserk rage
 R - a potion of ambrosia {unknown}


   Skills:
 + Level 11.7 Fighting
 * Level 18.9 Axes
 * Level 15.4 Armour
 - Level 2.1 Dodging
 + Level 12.2 Evocations


You had 14 spell levels left.
You didn't know any spells.
Your spell library was empty.

Dungeon Overview and Level Annotations

Branches:
Dungeon (13/15)            Temple (0/1) D:4            Lair (6/6) D:10
  Swamp (0/4) Lair:3       Spider (0/4) Lair:3        Slime (0/5) Lair:6
    Orc (2/2) D:12            Elf (0/3) Orc:2        Bailey (visited)
 Vaults: D:13-14

Altars:
Dithmenos
Elyvilon
Gozag
Hepliaklqana
Makhleb
Qazlal
Trog
Uskayaw
Wu Jian
Xom
Jiyva

Shops:
D:3 =   D:4 (   D:5 :   D:10 :   D:11 (   D:12 (


Innate Abilities, Weirdness & Mutations

You are resistant to damage.
You can heal yourself by infusing magical energy.
You resist negative energy. (rN+)
You passively map the area around you.
You do not regenerate.
You have a pair of small horns on your head.
You are agile. (Dex +2)
Your mind is acute. (Int +2)
You are weak. (Str -2)
You expend magic power (3 MP) to strengthen your wands.


Message History

The orc high priest hits you with a +0 hand axe.
The orc knight closely misses you.
The orc wizard gestures wildly while chanting.
The orc wizard flickers and vanishes for a moment.
You hit the orc high priest.
The orc high priest is almost dead.
You slash the orc knight!
The orc wizard no longer looks unusually strong.
The orc high priest no longer looks unusually strong.
The orc high priest closely misses you.
The orc knight roars a battlecry!
The orcs go into a battle-frenzy!
The orc knight hits you with a +0 great mace!
You chop the orc high priest into pieces!!!
You kill the orc high priest!
Trog accepts your kill.
You barely miss the orc knight.
The orc knight hits you with a +0 great mace.
You slice the orc knight!!
You headbutt the orc knight, but do no damage.
The orc knight is moderately wounded.
You closely miss the orc knight.
The orc knight hits you with a +0 great sword!!
The orc knight hits you but does no damage.
You slice the orc knight!!
You headbutt the orc knight, but do no damage.
The orc knight is severely wounded.
You closely miss the orc knight.
The orc high priest invokes the aid of Beogh against you.
Beogh smites you!
* * * LOW HITPOINT WARNING * * *
The orc sorcerer casts a spell.
The orc knight barely misses you.
Your deep troll goes berserk!
The orc knight no longer looks unusually strong.
The orc high priest hits your deep troll with a +2 mace of draining.
The orc knight hits you with a +0 great sword!!
* * * LOW HITPOINT WARNING * * *
The orc knight hits you with a +0 great mace!!
You die...

....# ...## .### ### ..###
##.## .##.## #...# .....# #####
##.## ..#.## ###...## #...##
..#.### ##.)))..## ##...##
......#### #.To@....###.....##
.......#.##.3÷oo##....#.......#
...#..#..##...o#
##...##.....###
...####.##...÷.,
#.)..#.......## #...##..#÷.÷÷.,
##............# .....##.#.....
, #)........#..# ......#.#....
*#............. .....#..#.... ,
#)........##.. #...##..#
###))...........


You could see 2 orc knights, an orc high priest (strong), a smoke demon
(summoned), an orc wizard (strong, invisible) and a friendly deep troll
(summoned, berserk).

Vanquished Creatures
  Kirke (Lair:6)
  Azrael (Orc:2)
  Fannar (Lair:3)
  An ice dragon (Lair:6)
  2 catoblepae (Lair:6)
  5 hydras
  Erica (D:9)
  A death knight (D:11)
  A centaur warrior (D:9)
  4 two-headed ogres
  5 death yaks (Lair:4)
  3 orc high priests (Orc:2)
  Urug (D:12)
  A wizard (D:11)
  2 orc knights (Orc:2)
  4 lindwurms
  Pikel (D:4)
  A deep elf zephyrmancer (Orc:1)
  A deep elf pyromancer (Orc:1)
  An ugly thing (D:11)
  4 orc sorcerers (Orc:2)
  3 cyclopes
  3 black mambas
  19 cane toads
  2 gargoyles
  6 torpor snails
  2 kobold demonologists
  4 rime drakes
  11 komodo dragons
  An unseen horror (D:10)
  2 freezing wraiths (D:11)
  3 tyrant leeches (Lair:6)
  4 trolls
  2 polar bears
  9 hornets
  Prince Ribbit (D:5)
  A slime creature (D:13)
  4 dream sheep
  13 blink frogs
  2 shadows
  3 wraiths
  76 yaks
  3 spriggans
  5 fire elementals (Orc:2)
  7 hogs (Lair:6)
  7 wyverns
  5 basilisks
  A steam dragon (D:8)
  5 wargs
  An acid dragon (D:12)
  12 water moccasins
  A swamp drake (Orc:1)
  Duvessa (D:4)
  2 hell hounds (Orc:2)
  3 ice beasts
  18 orc warriors
  A black bear (D:5)
  8 wolves
  8 ogres
  8 centaurs
  2 phantoms (D:6)
  4 kobold brigands
  3 scorpions
  9 bullfrogs
  A water moccasin zombie (D:5)
  Dowan (D:4)
  A water moccasin skeleton (D:5)
  A killer bee (D:9)
  15 wights
  A howler monkey (D:8)
  2 electric eels
  A crimson imp (Orc:1)
  6 centaur zombies
  A hound (D:6)
  20 orc priests
  A bullfrog skeleton (D:5)
  A jelly (D:7)
  2 centaur skeletons
  A gnoll shaman (Orc:2)
  3 iguanas
  An iron imp (Orc:1)
  25 orc wizards
  7 hell rats (Lair:5)
  A howler monkey zombie (D:7)
  2 adders
  13 gnolls
  A shadow imp (Orc:1)
  4 white imps
  An ufetubus (D:4)
  A worm (D:5)
  4 dart slugs
  94 orcs
  4 ball pythons
  8 bats
  13 endoplasms
  4 giant cockroaches
  15 goblins
  4 hobgoblins
  4 jackals
  3 quokkas
  2 frilled lizards (D:1)
  34 kobolds
  7 rats
  3 butterflies (Lair:4)
640 creatures vanquished.

Vanquished Creatures (collateral kills)
  An orc knight (D:11)
  3 orc warriors
  A centaur (D:9)
  4 orcs
9 creatures vanquished.

Vanquished Creatures (others)
  An orc (Orc:2)
  29 fungi
  81 plants
111 creatures vanquished.

Grand Total: 760 creatures vanquished

Notes
Turn   | Place    | Note
-------+----------+-------------------------------------------
     0 | D:1      | adizb the Deep Dwarf Berserker began the quest for the Orb.
     0 | D:1      | Reached XP level 1. HP: 20/20 MP: 1/1
   234 | D:1      | Reached XP level 2. HP: 13/27 MP: 2/2
   395 | D:1      | Found a faded altar of an unknown god.
   460 | D:1      | Reached skill level 4 in Axes
   912 | D:1      | Reached XP level 3. HP: 27/34 MP: 3/3
  1109 | D:2      | Reached ** piety under Trog
  1600 | D:3      | Reached XP level 4. HP: 42/42 MP: 4/4
  1806 | D:3      | Found Wiocitum's Jewellery Boutique.
  1963 | D:3      | Reached skill level 5 in Axes
  2344 | D:4      | Noticed Pikel
  2344 | D:4      | Noticed a lemure
  2344 | D:4      | Noticed a lemure
  2344 | D:4      | Noticed a lemure
  2344 | D:4      | Noticed a lemure
  2377 | D:4      | Killed Pikel
  2378 | D:4      | Reached skill level 7 in Axes
  2378 | D:4      | Reached XP level 5. HP: 22/51 MP: 5/5
  2378 | D:4      | Reached XP level 6. HP: 25/58 MP: 6/6
  2378 | D:4      | Reached XP level 7. HP: 28/66 MP: 7/7
  2450 | D:4      | Found a staircase to the Ecumenical Temple.
  2481 | D:4      | Reached *** piety under Trog
  2616 | D:4      | Found Asataenuqo's Antique Weapon Boutique.
  2692 | D:4      | Bought a runed war axe for 130 gold pieces
  2787 | D:4      | Noticed Duvessa
  2787 | D:4      | Noticed Dowan
  2798 | D:4      | Killed Duvessa
  2804 | D:4      | Killed Dowan
  2957 | D:4      | Found a large runed translucent door.
  2958 | D:4      | Found a large runed translucent door.
  2968 | D:4      | Found a stormy altar of Qazlal.
  2984 | D:4      | Found an ornate altar of the Wu Jian Council.
  3019 | D:5      | Entered Level 5 of the Dungeon
  3057 | D:5      | Reached skill level 5 in Fighting
  3057 | D:5      | Reached skill level 8 in Axes
  3143 | D:5      | Reached skill level 5 in Armour
  3143 | D:5      | Reached XP level 8. HP: 68/74 MP: 2/8
  3238 | D:5      | Noticed Prince Ribbit
  3270 | D:5      | Killed Prince Ribbit
  3271 | D:5      | Reached skill level 9 in Axes
  3280 | D:5      | Found Mouces's Book Shoppe.
  3280 | D:5      | Found a bloodstained altar of Trog.
  3619 | D:5      | Identified the +3 whip of Ydui {drain, rC+ rN+ SInv Stlth+}
  3650 | D:6      | Found a hazy altar of Hepliaklqana.
  3731 | D:6      | Reached skill level 1 in Evocations
  3731 | D:6      | Gained mutation: You passively map the area around you.
                  | [Deep Dwarf growth]
  3731 | D:6      | Reached XP level 9. HP: 78/82 MP: 3/9
  3735 | D:6      | Reached skill level 10 in Axes
  4059 | D:6      | Found an opulent altar of Gozag.
  4063 | D:6      | Identified the +7 spear of the Manifold Xenops {speed, rN+}
  4189 | D:6      | Reached skill level 11 in Axes
  4344 | D:7      | Reached **** piety under Trog
  4405 | D:7      | Noticed a troll
  4415 | D:7      | Killed a troll
  4480 | D:7      | Reached XP level 10. HP: 90/90 MP: 3/10
  4483 | D:7      | Reached skill level 5 in Evocations
  4947 | D:8      | Found a hide-covered altar of Uskayaw.
  5249 | D:8      | Found a white marble altar of Elyvilon.
  5467 | D:9      | Noticed a two-headed ogre
  5474 | D:9      | Killed a two-headed ogre
  5475 | D:9      | Reached skill level 12 in Axes
  5493 | D:9      | Found a shimmering altar of Xom.
  5493 | D:9      | Found a shimmering altar of Xom.
  5495 | D:9      | Found a shimmering altar of Xom.
  5495 | D:9      | Found a shimmering altar of Xom.
  5495 | D:9      | Found a shimmering altar of Xom.
  5499 | D:9      | Found a shimmering altar of Xom.
  5568 | D:9      | Found a flagged portal.
  5587 | Bailey   | Entered a bailey
  5889 | D:9      | Gained mutation: You are frail. (-10% HP) [potion of
                  | mutation]
  5889 | D:9      | Gained mutation: You are weak. (Str -2) [potion of
                  | mutation]
  5889 | D:9      | Gained mutation: Armour fits poorly on your strangely
                  | shaped body. [potion of mutation]
  5889 | D:9      | Gained mutation: You are partially covered in large bone
                  | plates. (SH +4) [potion of mutation]
  5890 | D:9      | Lost mutation: You are partially covered in large bone
                  | plates. (SH +4) [potion of mutation]
  5890 | D:9      | Lost mutation: Armour fits poorly on your strangely shaped
                  | body. [potion of mutation]
  5890 | D:9      | Gained mutation: Your body sometimes deteriorates upon
                  | taking damage. [potion of mutation]
  5890 | D:9      | Gained mutation: Your system is resistant to poisons.
                  | (rPois) [potion of mutation]
  5890 | D:9      | Gained mutation: You have a pair of small horns on your
                  | head. [potion of mutation]
  5890 | D:9      | Gained mutation: Your mind is acute. (Int +2) [potion of
                  | mutation]
  5891 | D:9      | Lost mutation: Your mind is acute. (Int +2) [potion of
                  | mutation]
  5891 | D:9      | Lost mutation: Your body sometimes deteriorates upon taking
                  | damage. [potion of mutation]
  5891 | D:9      | Lost mutation: You have a pair of small horns on your head.
                  | [potion of mutation]
  5891 | D:9      | Gained mutation: Your magical capacity is low. (-10% MP)
                  | [potion of mutation]
  5891 | D:9      | Gained mutation: You are agile. (Dex +2) [potion of
                  | mutation]
  5892 | D:9      | Lost mutation: You are weak. (Str -2) [potion of mutation]
  5892 | D:9      | Lost mutation: Your magical capacity is low. (-10% MP)
                  | [potion of mutation]
  5892 | D:9      | Lost mutation: Your system is resistant to poisons. (rPois)
                  | [potion of mutation]
  5892 | D:9      | Lost mutation: You are agile. (Dex +2) [potion of mutation]
  5892 | D:9      | Gained mutation: You have a pair of small antennae on your
                  | head. [potion of mutation]
  5892 | D:9      | Gained mutation: You are agile. (Dex +2) [potion of
                  | mutation]
  5892 | D:9      | Gained mutation: Your skin changes colour to match your
                  | surroundings (Stealth+). [potion of mutation]
  5893 | D:9      | Lost mutation: You are frail. (-10% HP) [potion of
                  | mutation]
  5893 | D:9      | Lost mutation: You are agile. (Dex +2) [potion of mutation]
  5893 | D:9      | Gained mutation: You tend to lose your temper in combat.
                  | [potion of mutation]
  5893 | D:9      | Gained mutation: You are strong-willed. (Will+) [potion of
                  | mutation]
  5893 | D:9      | Gained mutation: Your mind is acute. (Int +2) [potion of
                  | mutation]
  5910 | D:9      | Noticed Erica
  5923 | D:9      | Killed Erica
  5999 | D:9      | Paralysed by a hornet for 1 turns
  6021 | D:9      | Noticed a centaur warrior
  6037 | D:9      | Killed a centaur warrior
  6038 | D:9      | Reached XP level 11. HP: 73/103 MP: 3/11
  6055 | D:9      | Reached skill level 13 in Axes
  6073 | D:9      | Found a burning altar of Makhleb.
  6160 | D:9      | Found a shadowy altar of Dithmenos.
  6251 | D:9      | Found a shimmering altar of Xom.
  6326 | D:9      | Noticed a mana viper
  6327 | D:9      | Noticed a shining eye
  6327 | D:9      | a mana viper changed into a shining eye
  6522 | D:10     | Entered Level 10 of the Dungeon
  6783 | D:10     | Found a burning altar of Makhleb.
  6864 | D:10     | Found Alebiotu's Book Shop.
  6992 | D:10     | Found a staircase to the Lair.
  7080 | D:11     | Noticed a two-headed ogre
  7087 | D:11     | Killed a two-headed ogre
  7128 | D:11     | Found Poibauxo's Weapon Shop.
  7222 | D:11     | Noticed a death knight
  7247 | D:11     | Killed a death knight
  7248 | D:11     | Reached skill level 14 in Axes
  7320 | D:11     | Noticed an orc knight
  7328 | D:11     | Killed an orc knight
  7338 | D:11     | Reached skill level 10 in Armour
  7449 | D:11     | Noticed a wizard
  7481 | D:11     | Killed a wizard
  7647 | D:11     | Noticed a two-headed ogre
  7665 | D:11     | Killed a two-headed ogre
  7666 | D:11     | Reached XP level 12. HP: 88/114 MP: 11/11
  7936 | D:3      | Bought an amulet of faith for 560 gold pieces
  8103 | D:11     | Reached skill level 15 in Axes
  8148 | D:12     | Found Titempuq's Weapon Shop.
  8149 | D:12     | Found a staircase to the Orcish Mines.
  8395 | D:12     | Found a burning altar of Makhleb.
  8402 | D:12     | Noticed a two-headed ogre
  8412 | D:12     | Killed a two-headed ogre
  8487 | D:12     | Noticed Urug
  8487 | D:12     | Noticed a seven-headed hydra
  8517 | D:12     | Killed a seven-headed hydra
  8527 | D:12     | HP: 4/172 [Urug/+2 eveningstar of protection (22)]
  8537 | D:12     | Killed Urug
  8627 | D:12     | You fall into a shaft and drop 1 floor!
  8655 | D:13     | Noticed a centaur warrior
  8952 | Lair:1   | Entered Level 1 of the Lair of Beasts
  8990 | Lair:1   | Reached skill level 16 in Axes
  9006 | Lair:1   | Reached skill level 10 in Fighting
  9138 | Lair:1   | Found an ornate altar of the Wu Jian Council.
  9199 | Lair:1   | Reached XP level 13. HP: 123/123 MP: 11/11
  9466 | Lair:2   | Reached ***** piety under Trog
  9825 | Lair:3   | Noticed Fannar
  9847 | Lair:3   | Killed Fannar
  9862 | Lair:3   | Identified the +1 ring mail of Tenacity {Will+ Dex+4}
  9944 | Lair:3   | Found a staircase to the Swamp.
  9961 | Lair:3   | Found a hole to the Spider Nest.
 10028 | Lair:3   | Reached skill level 17 in Axes
 10028 | Lair:3   | Identified the +7 executioner's axe "Turrasuryle" {vorpal,
                  | rElec rF+ Will-} (Trog gifted it to you on level 3 of the
                  | Lair of Beasts)
 10028 | Lair:3   | Received a gift from Trog
 10092 | Lair:3   | Reached skill level 10 in Evocations
 10909 | Lair:5   | Gained mutation: You resist negative energy. (rN+) [Deep
                  | Dwarf growth]
 10909 | Lair:5   | Reached XP level 14. HP: 75/135 MP: 7/7
 10960 | Lair:5   | Lost mutation: You have a pair of small antennae on your
                  | head. [potion of mutation]
 10960 | Lair:5   | Lost mutation: You tend to lose your temper in combat.
                  | [potion of mutation]
 10960 | Lair:5   | Lost mutation: Your skin changes colour to match your
                  | surroundings (Stealth+). [potion of mutation]
 10960 | Lair:5   | Gained mutation: You have hidden genetic defects. [potion
                  | of mutation]
 10960 | Lair:5   | Gained mutation: You have a pair of small horns on your
                  | head. [potion of mutation]
 10961 | Lair:5   | Lost mutation: Your mind is acute. (Int +2) [potion of
                  | mutation]
 10961 | Lair:5   | Lost mutation: You are strong-willed. (Will+) [potion of
                  | mutation]
 10961 | Lair:5   | Lost mutation: You have hidden genetic defects. [potion of
                  | mutation]
 10961 | Lair:5   | Gained mutation: You are weak. (Str -2) [potion of
                  | mutation]
 10961 | Lair:5   | Gained mutation: You expend magic power (3 MP) to
                  | strengthen your wands. [potion of mutation]
 10961 | Lair:5   | Gained mutation: You are agile. (Dex +2) [potion of
                  | mutation]
 10961 | Lair:5   | Gained mutation: Your mind is acute. (Int +2) [potion of
                  | mutation]
 11310 | Lair:6   | Entered Level 6 of the Lair of Beasts
 11380 | Lair:6   | Noticed Kirke
 11402 | Lair:6   | Killed Kirke
 11424 | Lair:6   | Reached skill level 18 in Axes
 11698 | Lair:6   | Found a staircase to the Slime Pits.
 11698 | Lair:6   | Found a viscous altar of Jiyva.
 11778 | Lair:6   | Identified the +5 flail "Ekhla" {venom, Fly Int+4}
 11857 | Lair:6   | Found a runed translucent door.
 11943 | Lair:6   | Paralysed by a hornet for 3 turns
 11979 | Lair:6   | Received a gift from Trog
 12539 | Orc:1    | Entered Level 1 of the Orcish Mines
 12622 | Orc:1    | Reached skill level 15 in Armour
 12770 | Orc:2    | Entered Level 2 of the Orcish Mines
 12770 | Orc:2    | Found a shimmering altar of Xom.
 12910 | Orc:2    | Found a staircase to the Elven Halls.
 12962 | Orc:2    | Noticed Azrael
 12974 | Orc:2    | Killed Azrael
 12974 | Orc:2    | Reached ****** piety under Trog
 13230 | Orc:2    | Reached XP level 15. HP: 104/144 MP: 3/3
 13238 | Orc:2    | Slain by an orc knight

Illustrated notes

Levels and vault maps discovered:
D:1:      lightli_arrival_quake, layout_basic,
          shapermc_ecumenical_altar_mp_urbaneastern,
          nicolae_figureground_sparkle
D:2:      layout_rooms
D:3:      layout_basic, serial_shops, shop, minmay_misc_feat_doors
D:4:      layout_gridville, jmf_multi_god_temple2,
          minmay_temple_entry_drinking_statues, serial_shops,
          nicolae_shop_overgrown_old_shop, chequers_arboretum, uniq_pikel,
          uniq_duvessa
D:5:      layout_loops_cross, mainiacjoe_overflow_catwalk, serial_shops,
          nicolae_diamond_shop, corexii_corridor_pit,
          minmay_a_box_with_orc_wizards_in_it, uniq_prince_ribbit1
D:6:      kennysheep_kobold_camp, layout_rooms, nicolae_overflow_crystal_walls,
          mainiacjoe_overflow_tiny_flanked
D:7:      layout_gridville
D:8:      layout_gridville, mainiacjoe_overflow_paths,
          nicolae_elyvilon_peaceful_grove, minmay_fractal_squares_diagonal_5
D:9:      layout_gridville, mainiacjoe_overflow_alcove_1, xom_shifter_show,
          enter_bailey_5, st_stairs_4, hangedman_feature_mirror,
          grunt_ministairs_15, uniq_erica
D:10:     layout_roguey, lemuel_crystal_altar, lair_entry_dummy, serial_shops,
          kennysheep_mini_moat, minmay_misc_feat_room
D:11:     layout_roguey [special_room_orc], serial_shops,
          nicolae_shop_advertising_works [nicolae_subvault_shop_adworks],
          patterned_corridor
D:12:     layout_layer_cave, orc_david_3, wad_floor_pattern_1, bloody_makhleb,
          uniq_urug
D:13:     layout_stronghold, hangedman_vaults_entry_quadrant_bands,
          kennysheep_another_room, tso_oasis_becter, uniq_erolcha
Lair:1:   wad_woods_stonehenge, layout_big_grid
Lair:2:   layout_misc_corridors, nicolae_quartered_pool_super,
          infiniplex_staircase_pool_2
Lair:3:   layout_big_grid, swamp_mist, dummy_spider_entry,
          grunt_forest_large_clearing_hut, serial_bayou_shore_b, uniq_fannar
Lair:4:   layout_layer_cave, infiniplex_staircase_pool, grunt_megastairs_3,
          lemuel_fruit_fields
Lair:5:   layout_layer_cave, chequers_serial_rivers_small_a
Lair:6:   wormcave, layout_concentric_octagons, slime_altar_1,
          serial_bayou_shore_b, serial_bayou_shore_b, uniq_kirke
Orc:1:    layout_caves, serial_shops, shop, hangedman_minor_magic
Orc:2:    grunt_orc_tribal_feast, layout_caves, basic_altar, uniq_azrael

Skill      XL: |  1  2  3  4  5  6  7  8  9 10 11 12 13 14 |
---------------+-------------------------------------------+-----
Fighting       | 3 4 5 6 7 9 10 11 | 11.7
Axes           | 4 7 8 9 11 12 14 16 17 18 | 18.9
Armour         | 4 5 6 7 8 10 12 13 15 | 15.4
Evocations     | 1 4 7 8 9 10 12 | 12.2
Dodging        | |  2.1

Action                   |  1- 3 |  4- 6 |  7- 9 | 10-12 | 13-15 || total
-------------------------+-------+-------+-------+-------+-------++-------
Melee: Hand axe          |   144 |    20 |       |       |       ||   164
       War axe           |       |    50 |   282 |   259 |       ||   591
       Punch             |       |     2 |     7 |     5 |     2 ||    16
       Battleaxe         |       |       |       |   315 |   131 ||   446
       Morningstar       |       |       |       |    20 |       ||    20
       Executioner's axe |       |       |       |       |   406 ||   406
       Eveningstar       |       |       |       |       |    29 ||    29
       Headbutt          |       |       |       |       |    52 ||    52
       Flail             |       |       |       |       |     6 ||     6
Invok: Trog's Hand       |       |       |     9 |    21 |    18 ||    48
       Berserk           |       |       |     4 |    10 |     5 ||    19
       Brothers in Arms  |       |       |       |     2 |     1 ||     3
 Abil: Heal Wounds       |     4 |     1 |     8 |    28 |    30 ||    71
Evoke: Wand              |       |       |       |       |     3 ||     3
  Use: Scroll            |       |       |       |    14 |     2 ||    16
       Potion            |       |       |       |    11 |     8 ||    19
 Stab: Sleeping          |     3 |       |       |       |       ||     3
       Petrified         |       |       |       |       |     6 ||     6
       Petrifying        |       |       |       |       |     1 ||     1
Armor: Animal skin       |    39 |     4 |       |       |       ||    43
       Chain mail        |       |    25 |   163 |   181 |       ||   369
       Ring mail         |       |    12 |       |       |       ||    12
       Plate armour      |       |       |       |   185 |   511 ||   696
Dodge: Dodged            |   117 |    42 |   127 |   299 |   277 ||   862
       Repelled          |       |       |     3 |     2 |     2 ||     7
Block: Other             |       |       |    44 |    96 |       ||   140
       Reflection        |       |       |     2 |     2 |       ||     4
